 Dungeon Crawl Stone Soup version 0.25.1-2-g60ff931df9 (webtiles) character file.

Game seed: 12309041615172663018

79 DerDa the Skirmisher (level 4, -1/41 HPs)
             Began as a Minotaur Monk on Oct 2, 2020.
             Killed from afar by an orc wizard (11 damage)
             ... with a magic dart
             ... on level 3 of the Dungeon.
             The game lasted 00:02:12 (1864 turns).

DerDa the Skirmisher (Minotaur Monk)                Turns: 1864, Time: 00:02:12

Health: -1/41      AC:  2    Str: 17    XL:     4   Next: 16%
Magic:  3/3        EV: 14    Int:  7    God:
Gold:   126        SH:  0    Dex: 12    Spells: 3/3 levels left

rFire    . . .     SeeInvis .   a - +0 falchion
rCold    . . .     Gourm    .   (no shield)
rNeg     . . .     Faith    .   b - +0 robe
rPois    .         Spirit   .   (helmet restricted)
rElec    .         Reflect  .   (no cloak)
rCorr    .         Harm     .   (no gloves)
MR       .....                  (no boots)
Stlth    ++........             (no amulet)
HPRegen  0.13/turn              (no ring)
MPRegen  0.08/turn              (no ring)

@: lethally poisoned (-1 -> -2)
A: retaliatory headbutt, horns 2
a: no special abilities


You were on level 3 of the Dungeon.
You were not hungry.

You visited 1 branch of the dungeon, and saw 3 of its levels.

You collected 126 gold pieces.

Inventory:

Hand Weapons
 a - a +0 falchion (weapon)
Missiles
 e - 18 sling bullets
 l - 18 bolts
 m - 10 poisoned darts (quivered)
Armour
 b - a +0 robe (worn)
Scrolls
 d - 2 scrolls of magic mapping {unknown}
 h - 2 scrolls of blinking {unknown}
 i - a scroll of remove curse {unknown}
 n - a scroll of identify {unknown}
Potions
 f - a potion of lignification {unknown}
 j - a potion of might {unknown}
 k - 2 potions of curing {unknown}
Comestibles
 c - 3 rations
 g - a chunk of flesh


   Skills:
 * Level 4.5 Fighting
 + Level 4.1 Long Blades
 + Level 1.4 Armour
 * Level 4.1 Dodging
 + Level 1.9 Stealth


You had 3 spell levels left.
You didn't know any spells.
Your spell library was empty.

Dungeon Overview and Level Annotations

Branches:
Dungeon (3/15)

Altars:


Innate Abilities, Weirdness & Mutations

You reflexively headbutt those who attack you in melee.
You have a pair of horns on your head.


Message History

The orc throws a silver boomerang.
The silver boomerang misses you.
The weapon returns to the orc!
The orc wizard hits you with a +0 dagger.
* * * LOW HITPOINT WARNING * * *
You hit the orc wizard.
The orc wizard is almost dead.
You feel sick.
The orc wizard mumbles some strange words.
The orc wizard blinks!
The orc throws a silver boomerang.
The silver boomerang hits you but does no damage.
* * * LOW HITPOINT WARNING * * *
The weapon returns to the orc!
The orc wizard mumbles some strange words.
The orc wizard blinks!
You open the door.
The orc wizard points at you and mumbles some strange words.
You resist with some effort.
The orc wizard gestures at you while chanting.
The magic dart hits you!
You die...

..
#.........#...##..
...
#.##o.....#.......
...
#.#...##..........
... #...
#.##.#.##.. ...
#... #.# .# ...
#.#..)##.##.# ...
#....o?o$...# #..
###..###....# #..
.......@....# +
####.####....# #
#....# # #ยง...#
......# ........
.#+#o.#.. .. .....


You could see an orc wizard (fast).

Vanquished Creatures
  Jessica (D:2)
  An adder (D:3)
  2 dart slugs
  An orc (D:3)
  A giant cockroach (D:1)
  9 goblins
  5 hobgoblins
  2 jackals (D:2)
  2 ball pythons
  5 bats
  3 frilled lizards
  5 kobolds
  A rat (D:3)
38 creatures vanquished.

Notes
Turn   | Place    | Note
-------+----------+-------------------------------------------
     0 | D:1      | DerDa the Minotaur Monk began the quest for the Orb.
     0 | D:1      | Reached XP level 1. HP: 19/19 MP: 0/0
   606 | D:1      | Reached XP level 2. HP: 23/27 MP: 1/1
  1335 | D:2      | Reached skill level 1 in Armour
  1335 | D:2      | Reached XP level 3. HP: 33/33 MP: 2/2
  1559 | D:2      | Noticed Jessica
  1564 | D:2      | Killed Jessica
  1835 | D:3      | Reached XP level 4. HP: 41/41 MP: 3/3
  1864 | D:3      | Killed from afar by an orc wizard

Illustrated notes

Levels and vault maps discovered:
D:1:      scummos_arrival_forest, layout_basic, serial_forest,
          infiniplex_forest_straight_4, infiniplex_forest_clump_medium,
          infiniplex_forest_fountain, infiniplex_forest_lined_ring,
          infiniplex_forest_zigzag_1, infiniplex_forest_clump_curved,
          infiniplex_forest_zigzag_1, infiniplex_forest_end_2
D:2:      layout_loops_ring, uniq_jessica
D:3:      layout_basic, gammafunk_temple_overflow_pools,
          yredelemnul_altar_generic, minmay_misc_feat_alley

Skill      XL: |  1  2  3 |
---------------+----------+-----
Fighting       | 4 |  4.5
Armour         | 1 |  1.4
Long Blades    | 4 |  4.1
Dodging        | 4 |  4.1
Stealth        | |  1.9

Action                   |  1- 3 |  4- 6 || total
-------------------------+-------+-------++-------
Melee: Falchion          |    63 |    10 ||    73
       Headbutt          |    10 |     1 ||    11
 Stab: Sleeping          |     2 |       ||     2
  Eat: Chunk             |     3 |       ||     3
Armor: Robe              |    10 |     1 ||    11
Dodge: Dodged            |    55 |     9 ||    64
       Rpst.: Falchion   |    14 |     2 ||    16
